 Dungeon Crawl Stone Soup version 0.23.1 (webtiles) character file.

Game seed: 8196390404707937202

219 Lusmu the Sneak (level 5, -1/21 HPs)
             Began as a Felid Necromancer on Mar 14, 2019.
             Slain by a mummy (19 damage)
             ... in an ossuary.
             The game lasted 00:21:33 (5946 turns).

Lusmu the Sneak (Felid Necromancer)                 Turns: 5946, Time: 00:21:34

Health: -1/21      AC:  3    Str: 10    XL:     5   Next: 63%
Magic:  18/18      EV: 18    Int: 19    God:
Gold:   70         SH:  0    Dex: 16    Spells: 3/8 levels left
                                        Lives:  0   Deaths: 1

rFire    . . .     SeeInvis +   (weapon unavailable)
rCold    . . .     Gourm    .   (shield unavailable)
rNeg     . . .     Faith    .   (armour unavailable)
rPois    .         Spirit   .   (helmet unavailable)
rElec    .         Reflect  .   (cloak unavailable)
rCorr    .         Harm     .   (gloves unavailable)
MR       .....     Clarity  +   (boots unavailable)
Stlth    ++++......             (no amulet)
HPRegen  0.07/turn              a - ring of magical power
MPRegen  0.16/turn              n - +2 ring of intelligence

@: mighty, quick
A: very small, no armour, no weapons or thrown items, stealth, claws 1, fangs 3,
horns 1, molten scales 1, see invisible, carnivore, clarity, speed 1, shaggy fur
1, slow metabolism 1, sharp paws
a: no special abilities


You were in an ossuary.
You were completely stuffed.

You visited 1 branch of the dungeon, and saw 4 of its levels.
You also visited: Ossuary.

You collected 154 gold pieces.
You spent 84 gold pieces at shops.

Inventory:

Jewellery
 a - a ring of magical power (left paw)
 n - a +2 ring of intelligence (right paw)
Wands
 o - a wand of enslavement (9)
Scrolls
 c - 5 scrolls of remove curse
 e - a scroll of fog {unknown}
 f - 2 scrolls of magic mapping
 g - 2 scrolls of teleportation
 j - 2 scrolls of immolation
Potions
 d - a potion of ambrosia {unknown}
 i - a potion of curing
 k - a potion of heal wounds {unknown}
 l - a potion of flight {unknown}
Comestibles
 b - 5 rations
 m - 2 chunks of flesh


   Skills:
 - Level 2.6 Dodging
 * Level 7.6 Stealth
 - Level 2.0 Spellcasting
 + Level 5.2 Necromancy


You had 3 spell levels left.
You knew the following spells:

 Your Spells              Type           Power        Failure   Level  Hunger
a - Pain                  Necr           ###.         1%          1    #......
b - Animate Skeleton      Necr           N/A          1%          1    #......
c - Vampiric Draining     Necr           ###.......   6%          3    ###....

Your spell library contained the following spells:

 Spells                   Type           Power        Failure   Level  Hunger
 Regeneration             Chrm/Necr      ##........   17%         3    ###....
 Animate Dead             Necr           N/A          19%         4    #####..


Dungeon Overview and Level Annotations

Branches:
Dungeon (4/15)
 Temple: D:4-7

Altars:
Ru

Shops:
D:4 *

Annotations:
D:2 Natasha


Innate Abilities, Weirdness & Mutations

You cannot wear armour.
You are incapable of wielding weapons or throwing items.
Your paws allow you to move quietly. (Stealth)
You have sharp claws.
You have razor-sharp teeth.
You have supernaturally acute eyesight. (SInv)
You are carnivorous and can eat meat at any time.
You cover ground quickly.
You are covered in fur. (AC +1)
You have a slow metabolism.
Your sharp claws are effective at attacking unaware monsters.
You have a pair of small horns on your head.
You are partially covered in molten scales. (AC +2)
You possess an exceptional clarity of mind.


Message History

Okay, then.
Okay, then.
You feel very mighty all of a sudden.
You scratch the mummy. You headbutt the mummy. You bite the mummy!
You destroy the mummy!
You claw the mummy!
The mummy is heavily damaged.
You barely miss the mummy.
The mummy is heavily damaged.
The mummy hits you.
You barely miss the mummy.
The mummy is heavily damaged.
The mummy closely misses you. The mummy barely misses you.
You claw the mummy!
The mummy is almost destroyed.
You barely miss the mummy.
The mummy is almost destroyed.
The mummy barely misses you. The mummy hits you!!
Ouch! That really hurt!
You die...

#######
#.#.#.#
#.....#
#...#
#.∩.#
#.MM#
#.∩@#
#...#
##+##
...
#...#
Z...Z
##...##
#...#
#...#


You could see 2 mummies.

Vanquished Creatures
  A hound (D:3)
  An orc wizard (D:3)
  An orc priest (D:3)
  Terence (D:1)
  A mummy (Ossuary)
  6 adders
  2 worms (D:3)
  2 dart slugs (D:1)
  2 leopard geckos
  10 orcs (D:3)
  3 bats
  4 giant cockroaches
  6 goblins
  8 hobgoblins
  A quokka (D:3)
  A ball python (D:2)
  9 frilled lizards
  7 kobolds
  6 rats
72 creatures vanquished.

Vanquished Creatures (collateral kills)
  A leopard gecko (D:3)
1 creature vanquished.

Grand Total: 73 creatures vanquished

Notes
Turn   | Place    | Note
-------+----------+-------------------------------------------
     0 | D:1      | Lusmu the Felid Necromancer began the quest for the Orb.
     0 | D:1      | Reached XP level 1. HP: 7/7 MP: 4/4
   241 | D:1      | Reached skill level 3 in Stealth
   617 | D:1      | Reached XP level 2. HP: 5/11 MP: 1/6
  1229 | D:1      | Reached skill level 4 in Stealth
  1471 | D:1      | Learned a level 1 spell: Animate Skeleton
  2108 | D:1      | Gained mutation: You have a pair of small horns on your
                  | head. [potion of mutation]
  2108 | D:1      | Gained mutation: You possess an exceptional clarity of
                  | mind. [potion of mutation]
  2108 | D:1      | Gained mutation: You are partially covered in molten
                  | scales. (AC +2) [potion of mutation]
  2113 | D:2      | Reached XP level 3. HP: 14/14 MP: 7/7
  2122 | D:2      | Noticed Terence
  2185 | D:1      | Killed Terence
  2185 | D:1      | Reached skill level 5 in Stealth
  2547 | D:2      | Reached XP level 4. HP: 17/18 MP: 8/8
  2882 | D:2      | Noticed Natasha
  2902 | D:2      | Killed from afar by Natasha
  2903 | D:2      | Reached XP level 3. HP: -8/14 MP: 16/16
  3009 | D:2      | Learned a level 3 spell: Vampiric Draining
  3458 | D:3      | Reached skill level 6 in Stealth
  3718 | D:3      | Reached XP level 4. HP: 14/18 MP: 8/8
  4472 | D:3      | Found a sacrificial altar of Ru.
  5119 | D:3      | Reached skill level 5 in Necromancy
  5119 | D:3      | Reached XP level 5. HP: 19/21 MP: 4/9
  5397 | D:3      | Reached skill level 7 in Stealth
  5885 | D:4      | Found Quto's General Store.
  5908 | D:4      | Bought a scroll of remove curse for 39 gold pieces
  5908 | D:4      | Bought a scroll of magic mapping for 45 gold pieces
  5927 | D:4      | Found a sand-covered staircase.
  5933 | Ossuary  | Entered an ossuary
  5946 | Ossuary  | Slain by a mummy

Skill      XL: |  1  2  3  4  5 |
---------------+----------------+-----
Stealth        | 3 4 6 7 |  7.6
Necromancy     | 5 |  5.2
Dodging        | |  2.6
Spellcasting   | |  2.0

Action                   |  1- 3 |  4- 6 || total
-------------------------+-------+-------++-------
Melee: Unarmed           |    36 |    48 ||    84
       Headbutt          |       |     3 ||     3
       Bite              |       |     3 ||     3
 Cast: Pain              |    64 |    48 ||   112
       Animate Skeleton  |     1 |     3 ||     4
       Vampiric Draining |       |     7 ||     7
  Use: Scroll            |     3 |     4 ||     7
       Potion            |     1 |     2 ||     3
 Stab: Sleeping          |    13 |     5 ||    18
  Eat: Chunk             |    16 |     9 ||    25
Armor: Skin              |     5 |     9 ||    14
Dodge: Dodged            |    60 |    44 ||   104
